 Dungeon Crawl Stone Soup version 0.30.1-11-g7821555f0a (webtiles) character file.

Game seed: 13703234801887585169

75 monsoonserge the Conjurer (level 4, -5/22 (26) HPs)
             Began as a Tengu Reaver on Jan 14, 2024.
             Slain by an iguana (6 damage)
             ... on level 2 of the Dungeon.
             The game lasted 00:03:50 (1307 turns).

monsoonserge the Conjurer (Tengu Reaver)            Turns: 1307, Time: 00:03:51

HP:   -5/22 (26)    AC:  5    Str: 12    XL:     4   Next: 31%
MP:   8/8           EV: 11    Int: 15    God:
Gold: 77            SH:  0    Dex: 13    Spells: 6/7 levels left

rFire   . . .        d - +0 trident
rCold   . . .        (no shield)
rNeg    . . .        g - +0 ring mail
rPois   +            (helmet restricted)
rElec   .            (no cloak)
rCorr   .            (no gloves)
SInv    .            (boots unavailable)
Will    .....        (no amulet)
Stlth   +            e - ring of poison resistance
HPRegen 0.23/turn    (no ring)
MPRegen 0.11/turn

%: no passive effects
@: heavily drained
A: beak, talons 3
a: no special abilities


You were on level 2 of the Dungeon.
You visited 1 branch of the dungeon, and saw 2 of its levels.

You collected 77 gold pieces.

Inventory:

Hand Weapons
 a - a +0 mace
 d - a +0 trident (weapon)
 h - a +2 dagger of holy wrath
Armour
 b - a +0 leather armour
 g - a +0 ring mail (worn)
Jewellery
 e - a ring of poison resistance (left hand)
Scrolls
 f - 3 scrolls of teleportation {unknown}
 i - a scroll of noise {unknown}
 l - a scroll of enchant weapon {unknown}
 m - a scroll of immolation {unknown}
Potions
 c - a potion of ambrosia {unknown}
 j - a potion of curing {unknown}
 k - a potion of might {unknown}
 n - 2 potions of brilliance {unknown}


   Skills:
 + Level 2.2 Fighting
 - Level 3.4 Maces & Flails
 * Level 2.4 Polearms
 * Level 1.2 Armour
 + Level 2.6 Dodging
 - Level 2.0 Spellcasting
 + Level 4.5 Conjurations
 - Level 1.0 Necromancy


You had 6 spell levels left.
You knew the following spells:

 Your Spells              Type           Power      Damage    Failure   Level
a - Kiss of Death         Conj/Necr      36%        2d8       16%         1

Your spell library contained the following spells:

 Spells                   Type           Power      Damage    Failure   Level
 Momentum Strike          Conj/Tloc      16%        3d8       30%         2
 Hailstorm                Conj/Ice       8%         3d4       52%         3


Dungeon Overview and Level Annotations

Branches:
Dungeon (2/15)

Altars:

Shops:
D:2 :


Innate Abilities, Weirdness & Mutations

You have a beak for a mouth.
You have claws for feet.


Message History

Okay, then.
Okay, then.
Magic restored.
Found a spear.
Found a stone staircase leading down.
Found 2 green potions and 10 gold pieces.
n - 2 green potions
There are no items here.
You now have 77 gold pieces (gained 10).
There are no items here.
Things that are here:
a +0 trident; a +0 chain mail; the human corpse of Terence
Found a mace.
An iguana comes into view.
An iguana is nearby!
You reach to attack!
You barely miss the iguana. You barely miss the iguana.
The iguana bites you but does no damage.
You barely miss the iguana. You peck the iguana.
The iguana is lightly wounded.
The iguana bites you! The iguana closely misses you.
You hit the iguana.
The iguana is heavily wounded.
The iguana bites you.
You barely miss the iguana. You peck the iguana, but do no damage.
The iguana is heavily wounded.
The iguana barely misses you.
You barely miss the iguana. Your kick misses the iguana.
The iguana is heavily wounded.
The iguana bites you.
You are too injured to fight recklessly!
You hit the iguana but do no damage. Your kick misses the iguana.
Your peck misses the iguana.
The iguana is heavily wounded.
The iguana bites you!
* * * LOW HITPOINT WARNING * * *
You puncture the iguana!
The iguana is almost dead.
The iguana bites you.
You die...

#.....##.............#
#....###...###########
#..#####..##
###.........#
.....###.#.##
.........#.#######
.....###.#.......#
#.#..# #.#######.#
.....# #.# #@# #.#..#
#........l# .....#
######....# #.#..#
#....# .....# #....#
..)..# #....# .....#
###### ###### #


You could see an iguana.

Vanquished Creatures
  Terence (D:2)
  An adder (D:2)
  4 bats
  4 endoplasms (D:2)
  4 giant cockroaches
  3 goblins
  2 hobgoblins
  4 kobolds
  3 quokkas (D:1)
  5 ball pythons
  A frilled lizard (D:1)
  3 rats
35 creatures vanquished.

Notes
Turn   | Place    | Note
-------+----------+-------------------------------------------
     0 | D:1      | monsoonserge the Tengu Reaver began the quest for the Orb.
     0 | D:1      | Reached XP level 1. HP: 12/12 MP: 4/4
   127 | D:1      | Reached XP level 2. HP: 16/17 MP: 6/6
   207 | D:1      | You fall into a shaft and drop 1 floor!
   208 | D:2      | Found Sojinusk's Book Emporium.
   223 | D:2      | Reached skill level 1 in Necromancy
   223 | D:2      | Reached XP level 3. HP: 8/21 MP: 7/7
   278 | D:1      | Reached skill level 1 in Polearms
   932 | D:2      | Found a faded altar of an unknown god.
  1162 | D:2      | Noticed Terence
  1175 | D:2      | Killed Terence
  1176 | D:2      | Reached skill level 1 in Armour
  1176 | D:2      | Reached XP level 4. HP: 6/22 MP: 6/8
  1306 | D:2      | HP: 1/22 [iguana (10)]
  1307 | D:2      | Slain by an iguana

Illustrated notes

Levels and vault maps discovered:
D:1:      dpeg_arrival_simpleton_c, layout_basic
D:2:      layout_basic, serial_glass, glass_columns_a, glass_columns_b,
          chequers_ecumenical_altar_island, serial_shops, shop, uniq_terence

Skill      XL: |  1  2  3 |
---------------+----------+-----
Necromancy     | 1 |  1.0
Polearms       | 2 |  2.4
Armour         | 1 |  1.2
Fighting       | |  2.2
Maces & Flails | |  3.4
Dodging        | |  2.6
Spellcasting   | |  2.0
Conjurations   | |  4.5

Action                     |  1- 3 |  4- 6 || total
---------------------------+-------+-------++-------
  Melee: Mace              |     8 |       ||     8
         Trident           |    84 |     8 ||    92
         Peck              |    12 |     2 ||    14
         Kick              |    16 |       ||    16
   Cast: Kiss of Death     |     3 |       ||     3
 Armour: Leather armour    |     8 |       ||     8
         Ring mail         |    17 |     1 ||    18
  Dodge: Dodged            |    57 |     2 ||    59
